 Dungeon Crawl Stone Soup version 0.23-a0-167-gf92cf62f8f (webtiles) character file.

112 Jesh the Vexing (level 4, -2/21 HPs)
             Began as a Spriggan Enchanter on Sept 11, 2018.
             Killed from afar by Blork the orc (10 damage)
             ... with a puff of flame
             ... on level 4 of the Dungeon.
             The game lasted 00:05:39 (2870 turns).

Jesh the Vexing (Spriggan Enchanter)                Turns: 2870, Time: 00:05:40

Health: -2/21      AC:  3    Str:  4    XL:     4   Next: 63%
Magic:  6/11       EV: 18    Int: 17    God:
Gold:   136        SH:  0    Dex: 16    Spells: 3/12 levels left

rFire    . . .     SeeInvis +   m - +0 dagger (venom)
rCold    . . .     Gourm    .   (shield restricted)
rNeg     . . .     Faith    .   b - +1 robe
rPois    .         Spirit   .   (helmet restricted)
rElec    .         Reflect  .   (no cloak)
rCorr    .         Harm     .   (gloves unavailable)
MR       .....                  (boots unavailable)
Stlth    +++.......             (no amulet)
HPRegen  0.07/turn              (no ring)
MPRegen  0.12/turn              (no ring)

@: very quick
A: very small, unfitting armour, see invisible, herbivore, speed 3, slow
metabolism 2
a: no special abilities


You were on level 4 of the Dungeon.
You were not hungry.

You visited 1 branch of the dungeon, and saw 5 of its levels.

You collected 136 gold pieces.

Inventory:

Hand Weapons
 a - a +1 dagger
 m - a +0 dagger of venom (weapon)
Armour
 b - a +1 robe (worn)
Scrolls
 o - a scroll of remove curse
Potions
 c - a potion of flight
 e - a potion of lignification
 f - a potion of ambrosia {unknown}
 g - 2 potions of berserk rage
 h - a potion of heal wounds
 i - 2 potions of agility {unknown}
 j - a potion of degeneration {unknown}
 k - a potion of brilliance {unknown}
 l - a potion of curing {unknown}
 n - a potion of mutation {unknown}
Comestibles
 d - 4 rations


   Skills:
 - Level 1.1 Short Blades
 - Level 3.0 Dodging
 - Level 4.4 Stealth
 + Level 4.7 Spellcasting
 + Level 5.3 Hexes


You had 3 spell levels left.
You knew the following spells:

 Your Spells              Type           Power        Failure   Level  Hunger
a - Ensorcelled Hibernat  Hex/Ice        ##....       8%          2    ##.....
b - Corona                Hex            ###....      1%          1    None
c - Confuse               Hex            ###.....     4%          3    ###....
d - Tukima's Dance        Hex            ###.....     4%          3    ###....

Your spell library contained the following spells:

 Spells                   Type           Power        Failure   Level  Hunger
 Summon Small Mammal      Summ           #...         14%         1    None
 Dazzling Spray           Conj/Hex       ##....       14%         3    ###....
 Summon Guardian Golem    Hex/Summ       ##......     14%         3    ###....
 Call Imp                 Summ           #.......     22%         2    ##.....
 Call Canine Familiar     Summ           #.......     41%         3    ###....
 Summon Ice Beast         Ice/Summ       #.......     82%         4    ####...
 Summon Lightning Spire   Summ/Air       #.......     82%         4    ####...


Dungeon Overview and Level Annotations

Branches:
Dungeon (5/15)
 Temple: D:4-7

Altars:
Fedhas
Okawaru

Annotations:
D:4 Blork the orc


Innate Abilities, Weirdness & Mutations

You are very small and have problems with some larger weapons.
You are too small for most types of armour.
You have supernaturally acute eyesight. (SInv)
You are a herbivore.
You cover ground extremely quickly.
You need to consume almost no food.


Message History

The centaur skeleton hits the ogre.
You hit the centaur skeleton.
The centaur skeleton is moderately damaged.
The centaur skeleton completely misses the ogre.
The orc priest mumbles some strange prayers to Beogh against you.
Beogh smites you!
Ouch! That really hurt!
Unknown command.
Unknown command.
Found a hardcover book.
Blork the orc comes into view.
He is wielding a glaive.
A hound and a scorpion come into view.
Found a dagger.
You see here a book of Callings.
You pick up a book of Callings and begin reading...
You add the spells Summon Small Mammal, Call Imp, Call Canine Familiar, Summon Blork the orc shouts!
Blork the orc gestures at you while chanting.
The puff of flame hits you!
You die...

#########
#......)#
#.......#
#s......#
#..o....#
#...h...#
#..@....#
#.......##
#..........
##.######..
#.# . #.#
#.# #.# #.#


You could see Blork the orc, a scorpion and a hound.

Vanquished Creatures
  3 adders
  3 oozes
  2 worms (D:2)
  4 dart slugs
  3 orcs
  2 hobgoblins
  5 jackals (D:3)
  2 ball pythons (D:2)
  13 bats
  3 frilled lizards
  4 goblins (D:1)
  8 kobolds
  10 rats
62 creatures vanquished.

Notes
Turn   | Place    | Note
-------+----------+-------------------------------------------
     0 | D:1      | Jesh the Spriggan Enchanter began the quest for the Orb.
     0 | D:1      | Reached XP level 1. HP: 9/9 MP: 5/5
   139 | D:1      | Reached skill level 4 in Hexes
   144 | D:1      | Reached XP level 2. HP: 10/13 MP: 5/7
   149 | D:1      | Learned a level 2 spell: Ensorcelled Hibernation
   619 | D:1      | Reached XP level 3. HP: 16/16 MP: 9/9
   624 | D:1      | Learned a level 3 spell: Confuse
   628 | D:1      | Learned a level 3 spell: Tukima's Dance
  1488 | D:2      | Found a faded altar of an unknown god.
  1755 | D:2      | Reached skill level 5 in Hexes
  1755 | D:2      | Reached XP level 4. HP: 21/21 MP: 6/11
  2148 | D:2      | Found an iron altar of Okawaru.
  2150 | D:2      | Found a blossoming altar of Fedhas.
  2781 | D:3      | You fall through a shaft for 2 floors!
  2781 | D:5      | Entered Level 5 of the Dungeon
  2787 | D:4      | Noticed an ogre
  2861 | D:4      | Noticed Blork the orc
  2870 | D:4      | Killed from afar by Blork the orc

Vault maps used:
D:1:      dpeg_arrival_rooms_with_view
D:2:      minitemple, first_ration, chequers_ecumenical_altar_simple
D:4:      st_stairs_4, uniq_blork_the_orc
D:5:      temple_pool_b

Skill      XL: |  1  2  3 |
---------------+----------+-----
Spellcasting   | 3 4 |  4.7
Hexes          | 4 5 |  5.3
Short Blades   | |  1.1
Dodging        | |  3.0
Stealth        | |  4.4

Action                   |  1- 3 |  4- 6 || total
-------------------------+-------+-------++-------
Melee: Dagger            |   115 |    87 ||   202
 Cast: Corona            |     5 |       ||     5
       Ensorcelled Hiber |    20 |     5 ||    25
       Confuse           |       |     2 ||     2
  Use: Scroll            |     4 |     3 ||     7
       Potion            |       |     3 ||     3
 Stab: Sleeping          |    23 |     6 ||    29
  Eat: Ration            |       |     1 ||     1
Armor: Robe              |     8 |    12 ||    20
Dodge: Dodged            |    80 |    99 ||   179

Table legend:
 A = Non-vault XP
 B = Vault XP
 C = Vault XP percentage of total XP
 D = Non-vault monster count
 E = Vault monster count
 F = Vault count percentage of total count
                 A         B        C        D         E       F
            +---------+---------+-------+---------+---------+-------
      Total |     157 |       3 |   1.9 |      60 |       2 |   3.2
            +---------+---------+-------+---------+---------+-------
        D:1 |      54 |       3 |   5.3 |      26 |       2 |   7.1
        D:2 |      71 |       0 |   0.0 |      25 |       0 |   0.0
        D:3 |      16 |       0 |   0.0 |       7 |       0 |   0.0
        D:4 |      16 |       0 |   0.0 |       2 |       0 |   0.0
            +---------+---------+-------+---------+---------+-------
